Cogmind - Beta 11 X8 @@@ ROGUE MODE // 2021.11.04 @ 00:30:52 Player: Runia Result: Destroyed by 8R-AWN with 8R-AWN's Boregun Performance ------------- Evolutions (1) 500 Regions Visited (5) 1000 Robots Destroyed (95) 475 Value Destroyed (2201) 2201 Prototype IDs (30) 600 Alien Tech Used (0) 0 Bonus (311) 311 TOTAL SCORE: 5087 Bonus ------- High Alert Combat Kills 11 Aligned with FarCom 300 Cogmind --------- Core Integrity 0/400 Matter 144/300 Energy 250/250 System Corruption 0% Temperature Cool (0) Movement Core (700) Ox13 Location -9/Exiles Parts ------- > --- POWER (1) -------- (None) > --- PROPULSION (2) --- (None) > --- UTILITY (4) ------ High-capacity Storage Unit Medium Battery Improved Targeting Computer > --- WEAPON (2) ------- (None) > --- INVENTORY (20) --- High-capacity Matter Pod (32) Machine Analyzer Hacking Suite Grenade Launcher Rocket Launcher Rocket Launcher Mini Grenade Launcher Stasis Trap (100%) Peak State ------------ > --- POWER ------------ Improved Ion Engine > --- PROPULSION ------- Light Treads Wheel > --- UTILITY ---------- High-capacity Storage Unit Structural Scanner Improved Targeting Computer Core Shielding > --- WEAPON ----------- Heavy Assault Rifle Heavy Assault Rifle > --- INVENTORY -------- Improved Ion Engine Improved Ion Engine Light Treads Light Treads Light Treads Light Treads Wheel Machine Analyzer Light Armor Plating Light Assault Rifle Grenade Launcher Rocket Launcher Rocket Launcher Rocket Launcher Datajack Plasma Cutter Stasis Trap Stasis Trap Stasis Trap [Rating: 16] Favorites ----------- Power Improved Ion Engine Engine Improved Ion Engine Propulsion Light Treads Treads Light Treads Leg Aluminum Leg Wheel Wheel Utility Improved Targeting Computer Device Structural Scanner Storage Large Storage Unit Processor Improved Targeting Computer Protection Light Armor Plating Weapon Heavy Assault Rifle Energy Gun Small Laser Ballistic Gun Heavy Assault Rifle Launcher Rocket Launcher Special Weapon Plasma Cutter Build | -11 -10 -10 -9 -9 -9 ------- Run | Scr Mat Min Mat Min Exi Slots Evolved 2 | . . . 2 . . Power . | . . . . . . Propulsion . | . . . . . . Utility 2 | . . . 2 . . Weapon . | . . . . . . Parts Attached 77 | . 16 2 35 9 15 Power 6 | . 1 1 3 . 1 Engine 6 | . 1 1 3 . 1 Core . | . . . . . . Reactor . | . . . . . . Propulsion 15 | . 3 1 8 . 3 Treads 12 | . 3 1 5 . 3 Leg . | . . . . . . Wheel 3 | . . . 3 . . Hover . | . . . . . . Flight . | . . . . . . Utility 17 | . 3 . 8 . 6 Device 2 | . . . 1 . 1 Storage 5 | . 1 . 2 . 2 Processor 2 | . 2 . . . . Hackware . | . . . . . . Protection 8 | . . . 5 . 3 Artifact . | . . . . . . Weapon 39 | . 9 . 16 9 5 Energy Gun 2 | . 2 . . . . Energy Cannon . | . . . . . . Ballistic Gun 20 | . 2 . 11 3 4 Ballistic Cannon . | . . . . . . Launcher 16 | . 5 . 5 6 . Special Weapon 1 | . . . . . 1 Impact Weapon . | . . . . . . Slashing Weapon . | . . . . . . Piercing Weapon . | . . . . . . Special Melee Weapon . | . . . . . . Unidentified Prototypes . | . . . . . . Parts Lost 21 | . . 1 5 . 15 Power 2 | . . . . . 2 Propulsion 6 | . . 1 1 . 4 Utility 5 | . . . 1 . 4 Weapon 8 | . . . 3 . 5 Highest Loss Streak 15 | . . 1 1 . 15 Average Slot Usage (%) 98 | . 98 99 97 100 95 Engine 11 | . 14 14 11 11 10 Treads 18 | . 27 27 16 11 11 Wheel 4 | . . . 5 11 8 Device 6 | . . . 10 11 5 Storage 12 | . 14 14 11 11 12 Processor 11 | . 12 14 11 11 11 Protection 7 | . . . 9 11 14 Energy Gun 2 | . 13 . . . . Ballistic Gun 17 | . 13 14 21 19 11 Launcher 3 | . . 14 . 2 9 Naked Turns . | . . . . . . Heaviest Build 58 | 13 33 31 57 56 58 Greatest Support 40 | 20 40 40 40 10 10 Greatest Overweight (x) 5 | . . . 5 5 5 Average Overweight (x) 2 | . . . 2 5 5 Largest Inventory Capacity 20 | 8 15 15 20 20 20 Average Capacity 17 | 8 14 15 17 20 20 Most Carried 20 | 5 11 12 20 20 20 Average Carried 14 | 5 8 10 15 19 17 Final Capacity 20 | 8 15 15 20 20 20 Final Carried 20 | 4 9 10 20 20 8 Class Distribution -------------------- 59% | Scavenger-Mutant 40% | Mutant Dominant Class ---------------- Mutant | -10/Materials Mutant | -10/Mines Scavenger-Mutant | -9/Materials Scavenger-Mutant | -9/Mines Scavenger-Mutant | -9/Exiles Resources | -11 -10 -10 -9 -9 -9 ----------- Run | Scr Mat Min Mat Min Exi Matter Collected 2089 | 200 359 55 860 447 168 Remotely . | . . . . . . Salvage Created 2455 | . 655 41 1296 450 13 Parts 177 | . 44 4 88 41 . Haulers Intercepted 6 | . 2 . 4 . . Recyclers Shooed 3 | . 1 . . 2 . Parts Field Recycled . | . . . . . . Retrieved Matter . | . . . . . . Parts Self-Destructed . | . . . . . . Prevented . | . . . . . . Kills | -11 -10 -10 -9 -9 -9 ------- Run | Scr Mat Min Mat Min Exi Combat Hostiles Destroyed 75 | . 15 8 30 19 3 Guns 29 | . 5 . 20 4 . AOE 46 | . 10 8 10 15 3 Classes Destroyed 13 | . 7 1 4 . 1 Worker 3 | . 3 . . . . Builder 4 | . 1 . 2 1 . Tunneler 3 | . 1 . . 2 . Hauler 6 | . 2 . 4 . . Recycler 2 | . . . 1 1 . Mechanic 1 | . 1 . . . . Operator 1 | . . . 1 . . Watcher 3 | . 2 . 1 . . Swarmer 27 | . . 6 10 11 . Grunt 35 | . 15 2 10 8 . Duelist 1 | . . . 1 . . Sentry 9 | . . . 9 . . Assembled 3 | . . . . . 3 Best Kill Streak 8 | . 8 3 5 5 3 Combat Bots Only 4 | . 4 3 3 4 3 Max Kills in Single Turn 3 | . 3 2 3 3 2 Gunslinging . | . . . . . . Exploded 3 | . 2 2 3 3 2 Melee . | . . . . . . Uniques/NPCs Destroyed . | . . . . . . Combat | -11 -10 -10 -9 -9 -9 -------- Run | Scr Mat Min Mat Min Exi Damage Taken 3472 | . 502 214 1213 368 1175 Core 512 | . 84 16 114 64 234 Absorbed by Shields 119 | . . . . . 119 Core Remaining (%) 80 | 100 . 60 . . . Volleys Fired 214 | . 45 10 92 32 35 Largest 2 | . 2 1 2 2 2 Hottest 60 | . 60 33 46 43 43 Shots Fired 371 | . 80 10 176 52 53 Gun 325 | . 70 . 168 40 47 Cannon . | . . . . . . Launcher 44 | . 10 10 8 12 4 Special 2 | . . . . . 2 Kinetic 290 | . 35 . 168 40 47 Thermal 37 | . 35 . . . 2 Explosive 44 | . 10 10 8 12 4 Electromagnetic . | . . . . . . Robot Hit Streak 48 | . 15 4 11 7 48 Robot Miss Streak 2 | . 1 1 2 2 1 Penetration Max . | . . . . . . Secondary Targets . | . . . . . . Shots Hit Robots 258 | . 55 5 120 31 47 Core Hits 157 | . 39 13 61 32 12 Critical Kills 2 | . 1 . 1 . . Critical Parts Destroyed . | . . . . . . Critical Strikes 2 | . 1 . 1 . . Destroy 2 | . 1 . 1 . . Melee Attacks . | . . . . . . Impact . | . . . . . . Slashing . | . . . . . . Piercing . | . . . . . . Sneak Attacks . | . . . . . . Combat Hostiles . | . . . . . . Follow-up Attacks . | . . . . . . Damage Inflicted 6659 | . 1703 689 2223 1252 792 Guns 2946 | . 588 . 1471 321 566 Cannons . | . . . . . . Explosions 3701 | . 1115 689 752 931 214 Melee . | . . . . . . Ramming 10 | . . . . . 10 Kinetic 2658 | . 300 . 1471 321 566 Thermal 338 | . 288 48 . . 2 Explosive 3653 | . 1115 641 752 931 214 Electromagnetic . | . . . . . . Impact . | . . . . . . Slashing . | . . . . . . Piercing . | . . . . . . Highest Corruption . | . . . . . . Average Corruption . | . . . . . . Corruption Purged . | . . . . . . Overload Shots . | . . . . . . Overflow Damage 129 | . 53 26 . 38 12 Projectiles . | . . . . . . Explosions 129 | . 53 26 . 38 12 Melee . | . . . . . . Knockbacks . | . . . . . . Impact . | . . . . . . Kinetic . | . . . . . . Secondary . | . . . . . . Self-Inflicted Damage 424 | . 148 143 82 51 . Shots 16 | . 6 5 2 3 . Rammed 7 | . . . . . 7 Targets Rammed 7 | . . . . . 7 Kicked . | . . . . . . Crushed . | . . . . . . Highest Temperature 36 | . 36 8 26 24 2 Average Temperature 8 | . 15 4 7 5 1 Received Heat Transfer 663 | . 213 18 342 90 . Siege Activations . | . . . . . . Robots Corrupted . | . . . . . . Combat Hostiles . | . . . . . . Parts Fried . | . . . . . . Impact Corruptions . | . . . . . . Robots Melted . | . . . . . . Combat Hostiles . | . . . . . . Parts Melted . | . . . . . . Heat Transferred 718 | . 650 50 . . 18 Parts Sabotaged . | . . . . . . Parts Stolen . | . . . . . . Parts Stripped . | . . . . . . Power Chain Reactions . | . . . . . . Missiles Intercepted . | . . . . . . Alert | -11 -10 -10 -9 -9 -9 ------- Run | Scr Mat Min Mat Min Exi Peak Influence 412 | . 370 167 394 412 . Initial 107 | . . 67 . 107 . Average 188 | . 180 72 205 269 . Maximum Alert Level 2 | . 1 . 1 2 . Low Security (%) 47 | 100 39 100 45 12 . Level 1 50 | . 60 . 54 74 . Level 2 2 | . . . . 12 . Level 3 . | . . . . . . Level 4 . | . . . . . . Level 5 . | . . . . . . High Security . | . . . . . . Max Security . | . . . . . . Squads Dispatched 8 | . 4 . 4 . . Investigation 5 | . 4 . 1 . . Extermination . | . . . . . . Reinforcement 3 | . . . 3 . . Assault . | . . . . . . Garrison . | . . . . . . Intercept . | . . . . . . Construction Impeded . | . . . . . . Haulers Reinforced . | . . . . . . Active Scanning Responses . | . . . . . . Cargo Convoy Interrupts . | . . . . . . Stealth | -11 -10 -10 -9 -9 -9 --------- Run | Scr Mat Min Mat Min Exi Distress Signals 5 | . 1 . 4 . . Communications Jammed . | . . . . . . Distress Signals . | . . . . . . Times Spotted 110 | . 30 8 49 20 3 Peak Tracking Total 10 | . 7 3 5 4 10 Tactical Retreats 9 | . 2 1 4 1 1 Traps | -11 -10 -10 -9 -9 -9 ------- Run | Scr Mat Min Mat Min Exi Traps Triggered 4 | . 2 . . . 2 Indirectly . | . . . . . . Trap Hack Attempts . | . . . . . . Triggered . | . . . . . . Disarmed . | . . . . . . Reprogrammed . | . . . . . . Reused . | . . . . . . Traps Extracted . | . . . . . . Installed 2 | . . . . . 2 Triggered . | . . . . . . Exploded 3 | . . . . . 3 Machines | -11 -10 -10 -9 -9 -9 ---------- Run | Scr Mat Min Mat Min Exi Machines Disabled 7 | . 3 1 1 . 2 Max in Single Turn 1 | . 1 1 1 . 1 Machines Sabotaged . | . . . . . . Garrisons Compromised . | . . . . . . Overloaded Fab Kills . | . . . . . . Hacking | -11 -10 -10 -9 -9 -9 --------- Run | Scr Mat Min Mat Min Exi Machines Accessed 20 | . 8 . 10 . 2 Terminals 13 | . 6 . 7 . . Fabricators . | . . . . . . Repair Stations 1 | . . . 1 . . Recycling Units 3 | . 2 . 1 . . Scanalyzers 1 | . . . 1 . . Garrison Access . | . . . . . . Total Hacks 43 | . 15 . 26 . 2 Successful 25 | . 9 . 14 . 2 Failed 18 | . 6 . 12 . . Catastrophic 3 | . . . 3 . . Database Lockouts . | . . . . . . Manual 15 | . 4 . 10 . 1 Terminals 30 | . 12 . 18 . . Fabricators . | . . . . . . Repair Stations 4 | . . . 4 . . Recycling Units 5 | . 3 . 2 . . Scanalyzers 2 | . . . 2 . . Garrison Access . | . . . . . . Terminal Hacks 17 | . 7 . 8 . 2 Record 1 | . . . . . 1 Robot Analysis 1 | . 1 . . . . Prototype ID Bank 5 | . 2 . 3 . . Terminal Index 1 | . . . 1 . . Alert Level 1 | . 1 . . . . Unreport Threat 2 | . . . 2 . . Locate Traps 3 | . 3 . . . . Zone Layout 2 | . . . 2 . . EX-Prototype ID Bank 1 | . . . . . 1 Fabricator Hacks . | . . . . . . Repair Station Hacks 4 | . . . 4 . . Scan Component 2 | . . . 2 . . Repair 2 | . . . 2 . . Recycling Unit Hacks . | . . . . . . Scanalyzer 2 | . . . 2 . . Insert Component 1 | . . . 1 . . Analyze 1 | . . . 1 . . Garrison Access Hacks . | . . . . . . Unauthorized Hacks 2 | . 2 . . . . Terminals . | . . . . . . Fabricators . | . . . . . . Repair Stations . | . . . . . . Recycling Units 2 | . 2 . . . . Tunnel 2 | . 2 . . . . Scanalyzers . | . . . . . . Garrison Access . | . . . . . . Data Cores Recovered . | . . . . . . Used . | . . . . . . Hacking Detections 13 | . 4 . 9 . . Full Trace Events 1 | . . . 1 . . Feedback Events . | . . . . . . Feedback Blocked . | . . . . . . Robot Schematics Acquired . | . . . . . . Robots Built . | . . . . . . Authchips . | . . . . . . Time . | . . . . . . Total Robot Build Rating . | . . . . . . Part Schematics Acquired 1 | . . . 1 . . Parts Built . | . . . . . . Authchips . | . . . . . . Time . | . . . . . . Total Part Build Rating . | . . . . . . Parts Repaired 2 | . . . 2 . . Time 58 | . . . 58 . . Parts Recycled . | . . . . . . Recycled Matter . | . . . . . . Retrieved Matter . | . . . . . . Retrieved Components . | . . . . . . Parts Scanalyzed 1 | . . . 1 . . Part Schematics Acquired 1 | . . . 1 . . Parts Damaged . | . . . . . . Bothacking | -11 -10 -10 -9 -9 -9 ------------ Run | Scr Mat Min Mat Min Exi Used RIF Installer . | . . . . . . Robots Hacked . | . . . . . . Non-combat . | . . . . . . Combat . | . . . . . . Robot Hacks Applied . | . . . . . . Relay Couplers Released . | . . . . . . Robots Rewired . | . . . . . . Allies Hacked . | . . . . . . Hacks Repelled . | . . . . . . Allies | -11 -10 -10 -9 -9 -9 -------- Run | Scr Mat Min Mat Min Exi Total Allies . | . . . . . . Largest Group . | . . . . . . Highest-Rated Group . | . . . . . . Highest-Rated Ally . | . . . . . . Total Orders . | . . . . . . Ally Attacks . | . . . . . . Total Damage . | . . . . . . Kills . | . . . . . . Allies Corrupted . | . . . . . . Allies Melted . | . . . . . . Intel | -11 -10 -10 -9 -9 -9 ------- Run | Scr Mat Min Mat Min Exi Robot Analysis Total 1 | . 1 . . . . Derelict Logs Recovered 2 | . . 1 . 1 . Drone Launches . | . . . . . . Drone Recoveries . | . . . . . . Exploration | -11 -10 -10 -9 -9 -9 ------------- Run | Scr Mat Min Mat Min Exi Turns Passed 5860 | 1 1243 849 2074 875 818 Spaces Moved 3135 | 1 667 511 1052 493 411 Core . | . . . . . . Treads 1654 | . 656 511 487 . . Legs 12 | 1 11 . . . . Wheels 1469 | . . . 565 493 411 Hover . | . . . . . . Flight . | . . . . . . Fastest Speed 120 | 120 120 160 125 155 155 Average Speed 157 | 120 159 160 157 155 155 Slowest Speed 160 | 120 160 160 160 155 155 Overloaded Moves . | . . . . . . Propulsion Burnouts . | . . . . . . Robots Hopped . | . . . . . . Cave-ins Triggered . | . . . . . . Exploration Rate (%) 73 | 2 96 99 86 98 60 Regions Visited 5 Branch Regions 3 Pre-discovered Areas 3 | . 2 . . . 1 Known Exits Taken . | . . . . . . Unknown Exits Taken 5 | 1 1 1 1 1 . Scrap Searched 2 | . . 1 . 1 . Spaces Dug . | . . . . . . Terrain Destroyed 332 | . 68 117 48 82 17 Melee . | . . . . . . Projectile . | . . . . . . AOE 332 | . 68 117 48 82 17 Terrain Rammed . | . . . . . . Walls Destroyed . | . . . . . . Machines Disabled . | . . . . . . Actions | -11 -10 -10 -9 -9 -9 --------- Run | Scr Mat Min Mat Min Exi Total 3667 | 2 763 533 1298 552 519 Wait 152 | . 21 7 85 15 24 Move 3130 | . 666 510 1051 492 411 Hop . | . . . . . . Pick Up 41 | . 9 3 20 2 7 Fast Attach 7 | . 2 . 5 . . Attach 19 | . 2 1 5 . 11 Detach . | . . . . . . Swap 51 | . 12 1 25 9 4 Drop 36 | 2 6 1 15 2 10 Fire 214 | . 45 10 92 32 35 Melee . | . . . . . . Ram 3 | . . . . . 3 Kick . | . . . . . . Crush 4 | . . . . . 4 Escape Stasis 8 | . . . . . 8 Rewire . | . . . . . . Trap 2 | . . . . . 2 Miscellaneous . | . . . . . . Route ------- -11/Scrapyard -10/Materials (discovered 4 exits: *Mat x3 / [*Min]) -10/Mines (discovered 2 exits: *Mat x2) -9/Materials (discovered 5 exits: *Mat x3 / [*Min x2]) -9/Mines (discovered 4 exits: *Mat x2 / *Exi / [*Zio]) -9/Exiles History --------- Turn | Location | Event 2 | -11/Scrapyard | Discovered new exit (range 0) 2 | -11/Scrapyard | Entered Materials 228 | -10/Materials | Discovered new exit (range 12) 302 | -10/Materials | Build established: Mutant 661 | -10/Materials | Discovered new exit (range 12) 948 | -10/Materials | Discovered new exit (range 11) 1092 | -10/Materials | Discovered new exit (range 16) 1245 | -10/Materials | Entered Mines 1282 | -10/Mines | Found a hidden stash of uninstalled traps 1290 | -10/Mines | Met a Derelict bent on vengeance 1335 | -10/Mines | A weapon hastily lodged in a ceiling crevice suddenly fell to the ground 1373 | -10/Mines | Discovered new exit (range 15) 1777 | -10/Mines | Learned location of 1 exit from Materials 1795 | -10/Mines | Discovered new exit (range 6) 2094 | -10/Mines | Entered Materials 2094 | -9/Materials | Evolved 2 slots: Utility x2 2095 | -9/Materials | Identified exit to Materials 2447 | -9/Materials | Discovered exit to Materials (range 12) 2569 | -9/Materials | Discovered new exit (range 12) 2612 | -9/Materials | Build established: Scavenger-Mutant 3091 | -9/Materials | Discovered exit to Materials (range 16) 3249 | -9/Materials | Discovered new exit (range 11) 3733 | -9/Materials | Repaired Hvy. Assault Rifle 3760 | -9/Materials | Repaired Lgt. Armor Plating 4168 | -9/Materials | Entered Mines 4289 | -9/Mines | Deemed a non-threat by the Exiles lab entrance 4289 | -9/Mines | Discovered new exit (range 6) 4321 | -9/Mines | A Derelict revealed a hidden shortcut to a safe place 4456 | -9/Mines | Discovered exit to Materials (range 10) 4574 | -9/Mines | Discovered exit to Materials (range 11) 4682 | -9/Mines | Received a Rocket Launcher from a helpful Derelict 4714 | -9/Mines | Learned 4 Materials zone layouts 5043 | -9/Mines | Entered Exiles 5081 | -9/Exiles | Met 8R-AWN 5107 | -9/Exiles | Met EX-HEX 5169 | -9/Exiles | Met EX-DEC 5175 | -9/Exiles | Learned location of Zion (-7) 5245 | -9/Exiles | Met EX-BIN 5265 | -9/Exiles | Aligned with FarCom system 5267 | -9/Exiles | Given EX-Vault access code 5302 | -9/Exiles | Opened EX-Vault 5340 | -9/Exiles | Warned to stay clear of 0b10 Research branches 5649 | -9/Exiles | Attacked by the Exiles 5803 | -9/Exiles | Core integrity fell below 50% 5849 | -9/Exiles | Core integrity fell below 20% 5861 | -9/Exiles | Destroyed by 8R-AWN with 8R-AWN's Boregun Last Messages --------------- 05848_ Penetrated by HV Slug. 05848_ HV Slug penetrates Wall. 05848_ Penetrated by HV Slug. 05848_ HV Slug penetrates Wall. 05853_ Penetrated by HV Slug. 05853_ HV Slug penetrates Earth. 05853_ Penetrated by HV Slug. 05853_ HV Slug penetrates Earth. 05853_ Slammed into 8R-AWN. 05857_ Penetrated by HV Slug. 05857_ HV Slug penetrates Earth. 05857_ Penetrated by HV Slug. 05857_ HV Slug penetrates Earth. 05861_ Slammed into 8R-AWN. 05861_ Imp. Targeting Computer permanently disabled. 05861_ Destabilizing: Short circuit. 05861_ Penetrated by HV Slug. 05861_ Med. Battery destroyed. 05861_ HV Slug penetrates Wall. 05861_ Penetrated by HV Slug. Map ----- +----------------------------------------------------+ | ?????????????????????????????????????????????????? | | ?????????????????????????????????????????????????? | | ?????????????????????????????????????????????????? | | ?????????????????????????????????????????????????? | | ?????????????????????????????????????????????????? | | ?????????????????????????????????????????????????? | | ?????????????????????????????????????????????????? | | ?????????????????????????????????????????????????? | | ?????????????????????????????????????????????????? | | ?????????????????????????????????????????????????? | | ?????????????????????????????????????????????????? | | ????????????????????????????######???????????????? | | ?????????????? ######???????#!!! "#??????????????? | | ?????????????? #""#??????# "???????????????? | | ?????????????? ??????# "#?????????###### | | ?????????????? #????## ""#?????????###### | | ?????????????? #####" ""#?????????## " | | ??????????????? ##" ""??????????##"" " | | ???????????????? #"" #???????????##"" | | ?????????????????? ##?? ##?????##"" | | ????????????????????# ## #?????##"" | | ?????????????????????## # #?????## | | ??????????????########" # #?????##"" | | ??????????????# !!""""" #####?#### | | ??????????????# =g###" "######### | | ????????????# ; @#?## ""#####X# | | ??????????????#! #;###" * | | ??????????????# !"""" "#;## ##"# | | ??????????????########## #?# #### * | | ???????????????????????# #??# ##### !/ | | ???????????????????????# #???# ###### | | ???????????????????????# #????##?##### | | ???????????????????????# #?????????#### | | ???????????????????????# #??????????####" | | ???????????????????????? ????????????###"" | | ???????????????????????? ?????????????##" | | ???????????????????????? ?????????????#"" | | ???????????????????????? ?????????????#""" | | ???????????????????????? ?????????????""" | | ???????????????????????? ?????????????""" | | ???????????????????????? ??????????????" | | ??????????????????????????????????????""" | | ??????????????????????????????????????"" | | ???????????????????????????????????????"" | | ???????????????????????????????????????"""" | | ???????????????????????????????????????? | | ?????????????????????????????????????????? | | ???????????????????????????????????????????" | | ?????????????????????????????????????????????????? | | ?????????????????????????????????????????????????? | +----------------------------------------------------+ Best States ------------- Heat Dissipation 28 Energy Generation 12 Energy Capacity 400 Matter Stores 300 Matter Capacity 300 Sight Range 16 Terrain Scan Density 10 Armor Coverage 300 Core Shielding 20 Evasion (%) 45 Targeting Accuracy 6 Recoil Reduction 2 Item Schematics ----------------- Hcp. Storage Unit | -9/Materials | Scanalyzed Robot Schematics ------------------ None Fabricated ------------ Nothing Alien Tech Used ----------------- None Achievements -------------- None Challenges ------------ None Game ------ Seed LinkedSniperClaws Manual? 0 Play Time 00:35:34 Cumulative 437.7 hours Start 2021.11.03 @ 23:51:48 End 2021.11.04 @ 00:30:52 Sessions 1 Manual Loads 0 Difficulty Rogue Special Mode None Game No. 436 Rogue 436 Adventurer 0 Explorer 0 Win Type - Total 8 Types 7/0/0/1/0/0/0/0/0 Lore% 80 Gallery% 92 Achievement% 69 Wizard Run 0 Options --------- ASCII 0 Keyboard 0 Movement Mouse Keybinds 1 Fullscreen 2 Font 24/Smallcaps Map View 76x50 Tactical HUD 1 Map Filters NONE Filters NONE Steam 1 RUN: 4f63737b-12ea-472f-9010-80906a03a9d2